 Dungeon Crawl Stone Soup version 0.28-a0-43-g560ac104fe (webtiles) character file.

Game seed: 15852312568762100411

15 Spectrina the Sneak (level 2, -2/18 HPs)
             Began as a Deep Elf Delver on July 28, 2021.
             Slain by an orc (5 damage)
             ... on level 5 of the Dungeon.
             The game lasted 00:01:44 (141 turns).

Spectrina the Sneak (Deep Elf Delver)                Turns: 141, Time: 00:01:44

Health: -2/18      AC: 10    Str:  9    XL:     2   Next: 34%
Magic:  4/4        EV:  4    Int: 14    God:
Gold:   9          SH:  0    Dex: 16    Spells: 1/1 levels left

rFire   . . .      SeeInvis .   a - +0 short sword
rCold   . . .      Faith    .   (no shield)
rNeg    . . .      Spirit   .   h - +2 chain mail of Misanthropy {Slay+2}
rPois   .          Reflect  .   (no helmet)
rElec   .          Harm     .   (no cloak)
rCorr   .          Rampage  .   (no gloves)
Will    .....                   (no boots)
Stlth   ..........              (no amulet)
HPRegen 0.06/turn               i - ring of wizardry
MPRegen 0.09/turn               (no ring)

@: no status effects
A: no striking features
a: no special abilities


You were on level 5 of the Dungeon.
You visited 1 branch of the dungeon, and saw 1 of its levels.

You collected 9 gold pieces.

Inventory:

Hand Weapons
 a - a +0 short sword (weapon)
Armour
 b - a +0 leather armour
 h - the +2 chain mail of Misanthropy (worn) {Slay+2}
   (You found it on level 5 of the Dungeon)

   Slay:      It affects your accuracy & damage with ranged weapons and melee
   (+2).
Jewellery
 i - a ring of wizardry (left hand)
Wands
 g - a wand of digging (3)
Scrolls
 c - a scroll of fog
 d - a scroll of magic mapping
 e - a scroll of fear
Potions
 f - a potion of haste


   Skills:
 - Level 2.4 Fighting
 - Level 2.0 Short Blades
 - Level 2.4 Dodging
 + Level 6.8 Stealth
 + Level 0.0 Spellcasting


You had one spell level left.
You didn't know any spells.
Your spell library contained the following spells:

 Spells                   Type           Power      Damage    Failure   Level
 Beastly Appendage        Tmut           0%         N/A       100%        1
 Wereblood                Tmut           0%         N/A       100%        2
 Spider Form              Tmut/Pois      0%         N/A       100%        3


Dungeon Overview and Level Annotations

Branches:
Dungeon (5/15)
 Temple: D:4-7

Altars:


Message History

You have reached level 2!
Found 19 stones.
You see here the +2 chain mail of Misanthropy {Slay+2}.
You start removing your armour.
You continue taking off your +0 leather armour. x4
You finish taking off your +0 leather armour.
You start putting on your armour.
You continue putting on the +2 chain mail of Misanthropy {Slay+2}. x5
You finish putting on the +2 chain mail of Misanthropy {Slay+2}.
Unknown command.
You now have 9 gold pieces.
Found a flail.
An orc comes into view. It is wielding a +0 falchion.
The orc shouts!
You see here a +0 flail.
You hit the orc.
The orc is lightly wounded.
The orc hits you but does no damage.
You hit the orc but do no damage.
The orc is lightly wounded.
The orc hits you but does no damage.
Your chain mail of Misanthropy prevents you from hitting the orc.
The orc is lightly wounded.
An orc comes into view. It is wielding a +0 dagger.
The orc completely misses you.
You hit the orc but do no damage.
The orc is lightly wounded.
The orc hits you but does no damage.
You hit the orc but do no damage.
The orc is lightly wounded.
The orc hits you but does no damage.
Your chain mail of Misanthropy prevents you from hitting the orc.
The orc is lightly wounded.
The orc hits you with a +0 falchion.
* * * LOW HITPOINT WARNING * * *
Unknown command.
You hit the orc but do no damage.
The orc is lightly wounded.
The orc hits you with a +0 falchion.
You die...

............##......#
...........##......#
...........##......#
#.........##......#
#.........#.......#
#.........#...o..## .
#................#
.(.#....##....o.....#
...........(....@....)#
......................#
#...##.......###......#
#.# ##......# ########
# #......# ....#####
.#...# #..... ###..


You could see 2 orcs.

Vanquished Creatures
  A hound zombie (D:5)
1 creature vanquished.

Notes
Turn   | Place    | Note
-------+----------+-------------------------------------------
     0 | D:5      | Spectrina the Deep Elf Delver began the quest for the Orb.
     0 | D:5      | Reached XP level 1. HP: 13/13 MP: 3/3
    16 | D:5      | Noticed a hound
    52 | D:5      | Noticed a hound
    83 | D:5      | Reached XP level 2. HP: 4/18 MP: 4/4
    86 | D:5      | Identified the +2 chain mail of Misanthropy {Slay+2}
   141 | D:5      | Slain by an orc

Illustrated notes

Levels and vault maps discovered:
D:5:      layout_basic, zin_angel, kennysheep_path_1, minivault_11,
          minmay_starry_boxes

Action                   || total
-------------------------++-------
Melee: Short sword       ||    26
  Use: Scroll            ||     1
Armor: Leather armour    ||     6
       Chain mail        ||     4
Dodge: Dodged            ||    16

Table legend: (Time is in decaauts)
 A = Elapsed time spent in this place.
 B = Non-inter-level travel time spent in this place.
 C = Inter-level travel time spent in this place.
 D = Time resting spent in this place.
 E = Time spent auto-exploring this place.
 F = Levels seen in this place.
 G = Mean time per level.
                   A        B        C        D        E       F      G
               +--------+--------+--------+--------+--------+-----+--------+
         Total |    140 |    140 |      0 |      0 |      0 |   1 |  140.0 |
       Dungeon |    140 |    140 |      0 |      0 |      0 |   1 |  140.0 |
               +--------+--------+--------+--------+--------+-----+--------+

Top non-repeatable levels by time:
     D:5: 140 daAuts
